 Dungeon Crawl Stone Soup version 0.25-a0-294-gea9b1ad378 (webtiles) character file.

Game seed: 1070492367703702658, levelgen mode: deterministic

53 Redear the Skirmisher (level 3, -2/29 HPs)
             Began as a Mummy Monk on Dec 18, 2019.
             Slain by Grinder (5 damage)
             ... on level 3 of the Dungeon.
             The game lasted 00:03:23 (2200 turns).

Redear the Skirmisher (Mummy Monk)                  Turns: 2200, Time: 00:03:23

Health: -2/29      AC:  3    Str: 14    XL:     3   Next: 62%
Magic:  12/12      EV: 13    Int:  9    God:
Gold:   97         SH:  0    Dex: 15    Spells: 2/2 levels left

rFire    x . .     SeeInvis .     - Unarmed
rCold    + . .     Gourm    .   (no shield)
rNeg     + + +     Faith    .   (no armour)
rPois    ∞         Spirit   .   e - +1 helmet
rElec    .         Reflect  .   (no cloak)
rCorr    .         Harm     .   d - +0 pair of gloves
MR       .....                  (no boots)
Stlth    ++........             (no amulet)
HPRegen  0.09/turn              c - ring of magical power {MP+9}
MPRegen  0.13/turn              (no ring)

@: no status effects
A: no food or potions, fire vulnerability, cold resistance 1, negative energy
resistance 3, torment resistance, unbreathing
a: no special abilities


You were on level 3 of the Dungeon.
You were not hungry.

You visited 1 branch of the dungeon, and saw 3 of its levels.

You collected 97 gold pieces.

Inventory:

Armour
 a - a +0 robe
 d - a +0 pair of gloves (worn)
 e - a +1 helmet (worn)
Jewellery
 c - a ring of magical power (left hand) {MP+9}
Scrolls
 f - a scroll of enchant armour
 g - a scroll of teleportation {unknown}
 h - a scroll of remove curse {unknown}
 i - a scroll of enchant weapon {unknown}


   Skills:
 + Level 3.6 Fighting
 + Level 3.0 Dodging
 - Level 1.5 Stealth
 + Level 3.0 Unarmed Combat


You had 2 spell levels left.
You didn't know any spells.
Your spell library was empty.

Dungeon Overview and Level Annotations

Branches:
Dungeon (3/15)

Altars:

Annotations:
D:2 Terence
D:3 Grinder


Innate Abilities, Weirdness & Mutations

You do not eat or drink.
Your flesh is vulnerable to fire.
You are immune to poison.
Your flesh is cold resistant. (rC+)
You are immune to negative energy. (rN+++)
You are immune to unholy pain and torment.
You can survive without breathing.


Message History

You can't drink.
Unknown command.
You hit Grinder.
Grinder is lightly wounded.
Grinder hits you.
* * * LOW HITPOINT WARNING * * *
You take 1 damage, and have 8/29 hp.
You hit Grinder.
Grinder is lightly wounded.
Grinder misses you.
As you read the scroll labeled ZOC UTIOHOGRO, it crumbles to dust.
It is a scroll of enchant armour.
Your +0 helmet glows green for a moment.
Grinder hits you.
* * * LOW HITPOINT WARNING * * *
You take 5 damage, and have 3/29 hp.
As you read the scroll labeled HAX YMADIT, it crumbles to dust.
It is a scroll of amnesia.
You feel forgetful for a moment. Grinder hits you.
You die...

.##.#....#.##.# #.#.#
.##.##.#.#.##.####.#.#
.#.....#.#.##......#.#
##..####.#.######..#.#
....# #.#...........#
#...# #.#######.#.###
#...# #.# #.#.# #...#
#.# #.#.# #...# #.#
#@#.# #.... ..# #5#.#
###### #.#.# # #.#.
##### ..# ..... ..#
..... ...# ..... ...#
# ....#


You could see Grinder.

Vanquished Creatures
  A worm (D:2)
  2 dart slugs
  A leopard gecko (D:3)
  A ball python (D:3)
  6 goblins
  6 hobgoblins
  3 jackals (D:3)
  A quokka (D:3)
  7 bats
  3 frilled lizards
  4 kobolds
  7 rats
42 creatures vanquished.

Notes
Turn   | Place    | Note
-------+----------+-------------------------------------------
     0 | D:1      | Redear the Mummy Monk began the quest for the Orb.
     0 | D:1      | Reached XP level 1. HP: 18/18 MP: 1/1
   344 | D:1      | Reached XP level 2. HP: 24/24 MP: 2/2
  1138 | D:2      | Reached XP level 3. HP: 27/29 MP: 3/3
  1371 | D:2      | Noticed Terence
  2021 | D:3      | Reached skill level 3 in Dodging
  2021 | D:3      | Reached skill level 3 in Unarmed Combat
  2183 | D:3      | Noticed Grinder
  2186 | D:3      | Paralysed by Grinder for 4 turns
  2200 | D:3      | Slain by Grinder

Levels and vault maps discovered:
D:1:      moated_graveyard_arrival, layout_basic
D:2:      layout_basic, st_stairs_3, uniq_terence, uniq_jessica
D:3:      layout_basic, uniq_grinder, uniq_sigmund

Skill      XL: |  1  2  3 |
---------------+----------+-----
Dodging        | 3 |  3.0
Unarmed Combat | 3 |  3.0
Fighting       | |  3.6
Stealth        | |  1.5

Action                   || total
-------------------------++-------
Melee: Unarmed           ||   162
       Punch             ||     3
  Use: Scroll            ||     2
 Stab: Sleeping          ||     6
Armor: Skin              ||    15
Dodge: Dodged            ||   104

Table legend:
 A = Non-vault XP
 B = Vault XP
 C = Vault XP percentage of total XP
 D = Non-vault monster count
 E = Vault monster count
 F = Vault count percentage of total count
                 A         B        C        D         E       F
            +---------+---------+-------+---------+---------+-------
      Total |      74 |       2 |   2.6 |      40 |       2 |   4.8
            +---------+---------+-------+---------+---------+-------
        D:1 |      36 |       0 |   0.0 |      21 |       0 |   0.0
        D:2 |      15 |       1 |   6.2 |       8 |       1 |  11.1
        D:3 |      23 |       1 |   4.2 |      11 |       1 |   8.3
            +---------+---------+-------+---------+---------+-------
